 Dungeon Crawl Stone Soup version 0.26.1-11-gd32895ea62 (webtiles) character file.

Game seed: 13486996623288184778

6170 Almogavar the Carver (level 10, -1/135 HPs)
             Began as a Minotaur Berserker on Apr 22, 2021.
             Was a High Priest of Trog.
             Slain by a tentacled starspawn (4 damage)
             ... on level 2 of the Abyss.
             The game lasted 00:21:50 (9209 turns).

Almogavar the Carver (Minotaur Berserker)           Turns: 9209, Time: 00:21:51

Health: -1/135     AC: 17    Str: 25    XL:     10   Next: 60%
Magic:  9/9        EV: 11    Int:  7    God:    Trog [*****.]
Gold:   690        SH:  6    Dex: 16    Spells: 9/9 levels left

rFire    . . .     SeeInvis .   I - +0 scimitar (flame)
rCold    + + .     Faith    .   g - +0 buckler
rNeg     + . .     Spirit   .   t - +0 chain mail
rPois    .         Reflect  .   (helmet restricted)
rElec    .         Harm     .   C - +0 cloak
rCorr    .         Rampage  .   r - +0 pair of gloves
Will     .....                  K - +2 pair of boots
Stlth    ..........             (no amulet)
HPRegen  0.32/turn              u - ring "Gykharye" {rC++ rN+ Int+3}
MPRegen  0.11/turn              B - +6 ring of dexterity

@: berserking, very quick
A: retaliatory headbutt, horns 2
a: Renounce Religion, Berserk, Trog's Hand, Brothers in Arms


You were on level 2 of the Abyss.
You worshipped Trog.
Trog was extremely pleased with you.
You visited 1 branch of the dungeon, and saw 10 of its levels.
You visited the Abyss 1 time.

You collected 690 gold pieces.

Inventory:

Hand Weapons
 e - a +0 vorpal spear
 x - a +0 hand crossbow
 I - a +0 scimitar of flaming (weapon)
Missiles
 m - 5 boomerangs
 s - 41 poisoned darts
 M - 12 bolts
Armour
 g - a +0 buckler (worn)
 r - a +0 pair of gloves (worn)
 t - a +0 chain mail (worn)
 v - a +0 kite shield
 C - a +0 cloak (worn)
 D - a scarf of harm
 K - a +2 pair of boots (worn)
 L - the +5 ring mail "Culedon" {rPois rC+ Int-5}
   (You found it on level 8 of the Dungeon)

   It affects your intelligence (-5).
   It protects you from cold.
   It protects you from poison.
Jewellery
 f - an uncursed ring of protection from fire
 u - the ring "Gykharye" (left hand) {rC++ rN+ Int+3}
   (You found it on level 6 of the Dungeon)

   [ring of positive energy]

   It affects your intelligence (+3).
   It greatly protects you from cold.
   It protects you from negative energy.
 B - a +6 ring of dexterity (right hand)
 G - a cursed amulet of guardian spirit
 O - an uncursed ring of see invisible {unknown}
 S - an uncursed amulet of faith {unknown}
Wands
 w - a wand of flame (34)
 N - a wand of enslavement (4)
 P - a wand of random effects (11)
 R - a wand of iceblast (11)
 T - a wand of digging (6)
 U - a wand of disintegration (9)
Scrolls
 a - 2 scrolls of enchant weapon
 c - 2 scrolls of enchant armour
 i - 4 scrolls of remove curse
 k - 5 scrolls of magic mapping
 l - 3 scrolls of fog
 o - a scroll of fear {unknown}
 y - 3 scrolls of blinking
 A - a scroll of random uselessness {unknown}
 E - 2 scrolls of teleportation
 H - a scroll of brand weapon {unknown}
 J - a scroll of noise {unknown}
Potions
 b - a potion of heal wounds
 d - a potion of lignification
 h - a potion of berserk rage {unknown}
 j - 4 potions of curing {unknown}
 n - 4 potions of invisibility
 p - a potion of might {unknown}
 q - 4 potions of haste {unknown}
 z - 2 potions of mutation {unknown}
 F - a potion of resistance {unknown}
Miscellaneous
 Q - a condenser vane


   Skills:
 + Level 8.8 Fighting
 + Level 12.7 Long Blades
 + Level 9.9 Armour
 + Level 4.7 Dodging
 + Level 5.6 Shields


You had 9 spell levels left.
You didn't know any spells.
Your spell library was empty.

Dungeon Overview and Level Annotations

Branches:
Dungeon (10/15)            Temple (0/1) D:6            Lair (0/6) D:9
    Orc (0/2) D:9

Altars:
Cheibriados
Fedhas
Kikubaaqudgha
Nemelex Xobeh
Okawaru
Sif Muna
Trog
Uskayaw
Yredelemnul
The Shining One


Innate Abilities, Weirdness & Mutations

You reflexively headbutt those who attack you in melee.
You have a pair of horns on your head.


Message History

The tentacled starspawn is moderately damaged.
The tentacled starspawn bites you!!
* * * LOW HITPOINT WARNING * * *
The tentacled starspawn engulfs you but does no damage.
Unknown command.
You slice the tentacled starspawn!! You burn the tentacled starspawn!
The tentacled starspawn is severely damaged.
The emperor scorpion zombie barely misses you.
You riposte.
You barely miss the emperor scorpion zombie.
Your headbutt misses the emperor scorpion zombie.
The emperor scorpion zombie is moderately damaged.
The emperor scorpion zombie claws you.
* * * LOW HITPOINT WARNING * * *
The emperor scorpion zombie claws you but does no damage.
You hit the tentacled starspawn. You burn the tentacled starspawn.
You headbutt the tentacled starspawn.
The tentacled starspawn is severely damaged.
The tentacled starspawn bites you.
You die...

##....#... ....#
#...######... . # #
..∩. ## ....# .
#..... # ##...# #..
.####.##.# #
.#.#.#.#.. .
#....##...#.## #
.........##Z..#....
#.
#<<#...wX@......# #
......#.###......#
....# ##. #......#
..... # #......# ..
##'##### ##


You could see a tentacled starspawn, a starspawn tentacle and an emperor
scorpion zombie.

Vanquished Creatures
  Erica (D:8)
  A hornet (D:9)
  Grinder (D:5)
  Sigmund (D:3)
  2 wyverns
  4 yaks (D:9)
  Duvessa (D:7)
  A water moccasin (D:9)
  3 sky beasts
  2 orc warriors
  An ice beast (D:6)
  A black bear (D:7)
  4 phantoms
  A necrophage (D:7)
  2 ogres
  2 centaurs
  A big kobold (D:7)
  2 gnoll sergeants
  7 bullfrogs
  Dowan (D:7)
  A scorpion (D:5)
  A water moccasin skeleton (D:4)
  4 killer bees (D:8)
  4 bullfrog zombies
  2 quasits
  A centaur zombie (D:5)
  2 jellies
  6 orc wizards
  3 hounds
  Crazy Yiuf (D:3)
  7 orc priests
  A bullfrog skeleton (D:8)
  An iguana (D:8)
  6 worker ants
  A hound skeleton (D:6)
  4 howler monkey zombies
  A worker ant zombie (D:8)
  17 gnolls
  4 adders
  3 shadow imps
  3 white imps
  2 ufetubi
  2 oozes
  2 adder skeletons
  2 worms (D:2)
  8 leopard geckos
  35 orcs
  5 giant cockroaches
  4 goblins
  11 hobgoblins
  8 jackals
  2 quokkas
  4 ball pythons
  9 bats
  6 frilled lizards
  A goblin zombie (D:8)
  A hobgoblin zombie (D:8)
  14 kobolds
  4 kobold skeletons (D:8)
  A kobold zombie (D:2)
  3 orc skeletons (D:8)
  An orc zombie (D:8)
  A quokka zombie (D:6)
  9 rats
247 creatures vanquished.

Vanquished Creatures (others)
  An orc (D:8)
  2 plants (D:9)
  3 starspawn tentacles (Abyss:2)
6 creatures vanquished.

Grand Total: 253 creatures vanquished

Notes
Turn   | Place    | Note
-------+----------+-------------------------------------------
     0 | D:1      | Almogavar the Minotaur Berserker began the quest for the
                  | Orb.
     0 | D:1      | Reached XP level 1. HP: 19/19 MP: 0/0
   145 | D:1      | Reached XP level 2. HP: 20/27 MP: 1/1
   312 | D:1      | Reached skill level 4 in Long Blades
   560 | D:1      | Reached XP level 3. HP: 32/33 MP: 2/2
   628 | D:1      | Reached ** piety under Trog
  1698 | D:2      | Reached skill level 5 in Long Blades
  1698 | D:2      | Reached XP level 4. HP: 35/40 MP: 3/3
  1995 | D:2      | Found a runed translucent door.
  1995 | D:2      | Noticed a human
  2001 | D:2      | Found a basalt altar of Yredelemnul.
  2138 | D:3      | Noticed Sigmund
  2148 | D:3      | Killed Sigmund
  2149 | D:3      | Reached skill level 6 in Long Blades
  2149 | D:3      | Reached skill level 1 in Shields
  2149 | D:3      | Reached XP level 5. HP: 47/47 MP: 4/4
  2313 | D:3      | Found a hide-covered altar of Uskayaw.
  2322 | D:3      | Reached XP level 6. HP: 54/55 MP: 5/5
  2392 | D:3      | You fall into a shaft and drop 3 floors!
  2466 | D:6      | Reached *** piety under Trog
  2485 | D:6      | Got a brightly glowing tin ring
  2486 | D:6      | Identified the ring "Gykharye" {rC++ rN+ Int+3} (You found
                  | it on level 6 of the Dungeon)
  2501 | D:6      | Noticed an ice beast
  2506 | D:6      | Killed an ice beast
  2507 | D:6      | Reached skill level 5 in Fighting
  2525 | D:5      | Entered Level 5 of the Dungeon
  2525 | D:5      | Found a shimmering blue altar of Sif Muna.
  2629 | D:5      | Noticed a sky beast
  2644 | D:5      | Killed a sky beast
  2645 | D:5      | Reached skill level 7 in Long Blades
  2645 | D:5      | Reached XP level 7. HP: 40/61 MP: 6/6
  2757 | D:5      | Reached skill level 5 in Armour
  3400 | D:4      | Reached skill level 8 in Long Blades
  3404 | D:4      | Reached XP level 8. HP: 54/69 MP: 7/7
  3898 | D:3      | Found a runed translucent door.
  3899 | D:3      | Noticed Crazy Yiuf
  3904 | D:3      | Killed Crazy Yiuf
  4697 | D:5      | Reached **** piety under Trog
  4853 | D:5      | Noticed Grinder
  4855 | D:5      | Paralysed by Grinder for 2 turns
  4873 | D:5      | Killed Grinder
  5020 | D:5      | Reached skill level 9 in Long Blades
  5640 | D:6      | Reached XP level 9. HP: 78/78 MP: 8/8
  5703 | D:6      | Reached skill level 10 in Long Blades
  5814 | D:6      | Found a staircase to the Ecumenical Temple.
  6667 | D:7      | Noticed Dowan
  6668 | D:7      | Noticed Duvessa
  6679 | D:7      | Killed Duvessa
  6685 | D:7      | Killed Dowan
  6728 | D:7      | Reached skill level 11 in Long Blades
  6968 | D:8      | Found a glowing golden altar of the Shining One.
  6975 | D:8      | Reached ***** piety under Trog
  7078 | D:8      | Noticed Erica
  7093 | D:8      | Killed Erica
  7094 | D:8      | Reached XP level 10. HP: 68/88 MP: 9/9
  7401 | D:8      | Found a bloodstained altar of Trog.
  7402 | D:8      | Found an ancient bone altar of Kikubaaqudgha.
  7444 | D:8      | Got a bloodstained ring mail
  7457 | D:8      | Identified the +5 ring mail "Culedon" {rPois rC+ Int-5}
                  | (You found it on level 8 of the Dungeon)
  7651 | D:8      | Reached skill level 12 in Long Blades
  7659 | D:8      | Reached skill level 5 in Shields
  8257 | D:9      | Found a staircase to the Lair.
  8505 | D:9      | Paralysed by a hornet for 3 turns
  8721 | D:9      | Found a staircase to the Orcish Mines.
  8758 | D:9      | Found an iron altar of Okawaru.
  8758 | D:9      | Found a sparkling altar of Nemelex Xobeh.
  8765 | D:9      | Found a snail-covered altar of Cheibriados.
  8767 | D:9      | Found a faded altar of an unknown god.
  8769 | D:9      | Found a blossoming altar of Fedhas.
  8935 | D:10     | Entered Level 10 of the Dungeon
  9138 | D:10     | Noticed a centaur warrior
  9143 | D:10     | Noticed a brown ugly thing
  9143 | D:10     | Noticed a gargoyle
  9149 | D:10     | Cast into level 2 of the Abyss (centaur warrior)
  9195 | Abyss:2  | Noticed a tentacled starspawn
  9208 | Abyss:2  | HP: 2/135 [emperor scorpion zombie (5)]
  9209 | Abyss:2  | Slain by a tentacled starspawn

Illustrated notes

Levels and vault maps discovered:
D:1:      minmay_arrival_four_circles, layout_basic, nrook_campfire
D:2:      layout_basic, dk_yredelemnul_ordeal
D:3:      layout_rooms, overflow_temple_1_default, uniq_crazy_yiuf_cottage,
          uniq_sigmund
D:4:      layout_loops_ring, sigmund_army
D:5:      layout_basic, overflow_temple_1_default, uniq_grinder
D:6:      layout_rooms, minmay_temple_entry_fiery, minmay_pentangle
D:7:      layout_basic, uniq_duvessa
D:8:      layout_loops_corners, nicolae_tso_besieged_by_evil,
          grunt_temple_overflow_open, minmay_stone_trees_medium, uniq_erica
D:9:      layout_roguey, chequers_temple_overflow_minitemple, dpeg_oklobed_lair
D:10:     minmay_the_grid_octo_triangle [minmay_the_grid_octo_checkerflower,
          minmay_the_grid_octo_prize_square_snowflake,
          minmay_the_grid_octo_clover], layout_stronghold, uniq_joseph
Abyss:2:  base: D:9, small_statue_intersection

Skill      XL: |  1  2  3  4  5  6  7  8  9 10 |
---------------+-------------------------------+-----
Long Blades    | 4 5 6 7 8 9 11 12 | 12.7
Fighting       | 4 5 6 7 8 |  8.8
Armour         | 3 4 6 8 9 |  9.9
Dodging        | 3 4 |  4.7
Shields        | 1 2 3 4 5 |  5.6

Action                   |  1- 3 |  4- 6 |  7- 9 | 10-12 || total
-------------------------+-------+-------+-------+-------++-------
Melee: Falchion          |    82 |    81 |   380 |     7 ||   550
       Headbutt          |    11 |    24 |   113 |    43 ||   191
       Scimitar          |       |       |       |   148 ||   148
Invok: Berserk           |     1 |     2 |     3 |     3 ||     9
       Trog's Hand       |       |       |     1 |     1 ||     2
  Use: Scroll            |     2 |     1 |     4 |     7 ||    14
Armor: Animal skin       |     4 |       |       |       ||     4
       Ring mail         |     2 |       |       |       ||     2
       Scale mail        |    22 |     8 |       |       ||    30
       Chain mail        |       |    23 |   150 |    84 ||   257
Dodge: Dodged            |    41 |    34 |   132 |    59 ||   266
Block: Buckler           |     6 |     8 |    72 |    37 ||   123
       Rpst.: Falchion   |     5 |    10 |    31 |     1 ||    47
       Scimitar          |       |       |       |     4 ||     4
